[Event "25th European Club Cup Women 2021"]
[Site "Struga"]
[Date "2021.09.23"]
[Round "6.4"]
[White "Buksa, Nataliya"]
[Black "Hrescak, Ivana"]
[Result "1-0"]
[ECO "B90"]
[WhiteElo "2417"]
[BlackElo "2142"]
[Annotator "ChessBase"]
[PlyCount "113"]
[EventDate "2021.09.18"]
[EventType "team-tourn"]
[EventCountry "MKD"]
[SourceTitle "playchess.com"]
[Source "ChessBase"]
[SourceQuality "1"]
[TimeControl "40/5400+30:1800+30"]

1. e4 c5 2. Nf3 d6 3. d4 cxd4 4. Nxd4 Nf6 5. Nc3 a6 6. h4 e5 7. Nb3 Be6 8. f4 Qc7 9. f5 Bc4 10. g4 d5 11. Nxd5 Bxd5 12. exd5 e4 13.
Be3 Qg3+ 14. Bf2 Qf4 15. Qd2 Bd6 16. Be2 Qxd2+ 17. Nxd2 Bf4 18. Rh3 Nxd5 19. Nxe4 Nc6 20. a3 O-O-O 21. c4 Nf6 22. Nxf6 gxf6 23. Rd1 Rxd1+ 24. Kxd1 Ne5 25. Be3 Rd8+ 26. Kc2 Bxe3 27. Rxe3 Rd4 28. g5 Rf4 29. gxf6 Rxf5 30. Kc3 Kd7 31. b4 b6 32. Re4 Kc7 33. a4 Nc6 34. b5 axb5 35. cxb5 Ne5 36. Kb4 Kd6 37. Rd4+ Kc7 38. Re4 Kd6 39. h5 Rxf6 40. a5 bxa5+ 41. Kxa5 Kd5 42. Ra4 Rf2 43. Ra2 Rf6 44. Rd2+ Kc5 45. Rc2+ Kd5 46. Rb2 Kc5 47. Ra2 h6 48. Rb2 Re6 49. Rc2+ Kd5 50. Rc8 Rf6 51. b6 Nc6+ 52. Ka6 Rf2 53. Bd1 Kd6 54. Ba4 Nb4+ 55. Ka5 Rb2 56. b7 Nd5 57. b8=Q+ 1-0

[Event "25th European Club Cup Women 2021"]
[Site "Struga"]
[Date "2021.09.23"]
[Round "6.5"]
[White "Saduakassova, Dinara"]
[Black "Shuvalova, Polina"]
[Result "1/2-1/2"]
[ECO "D02"]
[WhiteElo "2489"]
[BlackElo "2510"]
[Annotator "ChessBase"]
[PlyCount "102"]
[EventDate "2021.09.18"]
[EventType "team-tourn"]
[EventCountry "MKD"]
[SourceTitle "playchess.com"]
[Source "ChessBase"]
[SourceQuality "1"]
[TimeControl "40/5400+30:1800+30"]

1. d4 d5 2. Nf3 Nf6 3. Bf4 e6 4. e3 Bd6 5. Nbd2 O-O 6. c3 b6 7. h4 c5 8. Ne5 Qc7 9. h5 Nfd7 10. Ndf3 f6 11. Nxd7 Nxd7 12. Qd2 Bb7 13. Bxd6 Qxd6 14. h6 g6 15. Bb5 Rad8 16. O-O-O c4 17. g4 Bc6 18. Bxc6 Qxc6 19. Qc2 b5 20. Nh4 f5 21. Rhg1 Kh8 22. f3 a5 23. e4 fxe4 24. fxe4 dxe4 25. Rde1 Rf4 26. Qe2 Rdf8 27. Ng2 Rf2 28. Qxe4 Qxe4 29. Rxe4 e5 30. Ne1 exd4 31. Rxd4 Nc5 32. Rd5 Rc8 33. Rd2 Rf4 34. Kc2 b4 35. Rgg2 Kg8 36. Rge2 Rxg4 37. Re7 b3+ 38. axb3 cxb3+ 39. Kd1 Ne4 40. Rdd7 Nf6 41. Rb7 Rd8+ 42. Ke2 a4 43. Nd3 Rh4 44. Rg7+ Kh8 45. Rgf7 Re4+ 46. Kf1 Re6 47. Nc5 Re5 48. Rxf6 Rxc5 49. Ra7 Rh5 50. Rxa4 Rxh6 51. Rf2 g5 1/2-1/2

[Event "25th European Club Cup Women 2021"]
[Site "Struga"]
[Date "2021.09.23"]
[Round "6.6"]
[White "Atalik, Ekaterina"]
[Black "Gunina, Valentina"]
[Result "0-1"]
[ECO "D02"]
[WhiteElo "2429"]
[BlackElo "2446"]
[Annotator "NA"]
[PlyCount "72"]
[EventDate "2021.09.18"]
[EventType "team-tourn"]
[EventCountry "MKD"]
[SourceTitle "playchess.com"]
[Source "ChessBase"]
[SourceQuality "1"]
[TimeControl "40/5400+30:1800+30"]

1. d4 d5 2. Nf3 Nf6 3. Bf4 c5 4. dxc5 e6 5. e3 Bxc5 6. a3 O-O 7. Be2 Nc6 8. O-O Qe7 9. Nc3 Rd8 10. Ne5 Bd6 11. Nxc6 bxc6 12. Bxd6 Rxd6 13. b4 e5 14. Na4 Bf5 15. f3 Nd7 16. Qd2 Re8 17. Rad1 Rg6 18. Rf2 Be6 19. c4 Nb6 20. Nxb6 axb6 21. cxd5 Bxd5 22. Qc3 e4 23. f4 Ra8 24. Bf1 Qa7 25. Ra1 b5 26. Rd2 Rd6 27. Be2 h6 28. Bd1 Rdd8 29. Bc2 Bc4 30.
Bxe4 Rxd2 31. Qxd2 Re8 32. Bxc6 Rxe3 33. Qf2 Qd4 34. Rc1 Qd3 35. h3 Re2 36. Qa7 Bd5 0-1

[Event "25th European Club Cup Women 2021"]
[Site "Struga"]
[Date "2021.09.23"]
[Round "6.7"]
[White "Badelka, Olga"]
[Black "Bulmaga, Irina"]
[Result "1-0"]
[ECO "A25"]
[WhiteElo "2422"]
[BlackElo "2407"]
[Annotator "NA"]
[PlyCount "45"]
[EventDate "2021.09.18"]
[EventType "team-tourn"]
[EventCountry "MKD"]
[SourceTitle "playchess.com"]
[Source "ChessBase"]
[SourceQuality "1"]
[TimeControl "40/5400+30:1800+30"]

1. c4 e5 2. Nc3 Nf6 3. g3 Nc6 4. Bg2 Bc5 5. e3 d5 6. cxd5 Nb4 7. Nf3 Nd3+ 8. Ke2 Nxd5 9. Qa4+ Bd7 10. Qe4 N5b4 11. a3 f5 12. Qc4 e4 13. axb4 exf3+ 14. Bxf3 Ne5 15. Qxc5 Nxf3 16. Kxf3 Bc6+ 17. e4 fxe4+ 18. Kg2 Qf6 19. Rf1 O-O-O 20. b5 Qf3+ 21. Kg1 Bd7 22. Nd5 c6 23. Rxa7 1-0

[Event "25th European Club Cup Women 2021"]
[Site "Struga"]
[Date "2021.09.23"]
[Round "6.8"]
[White "Stojkovska, Monika"]
[Black "Maltsevskaya, Aleksandra"]
[Result "0-1"]
[ECO "B46"]
[WhiteElo "2081"]
[BlackElo "2407"]
[Annotator "NA"]
[PlyCount "94"]
[EventDate "2021.09.18"]
[EventType "team-tourn"]
[EventCountry "MKD"]
[SourceTitle "playchess.com"]
[Source "ChessBase"]
[SourceQuality "1"]
[TimeControl "40/5400+30:1800+30"]

1. e4 c5 2. Nf3 e6 3. d4 cxd4 4. Nxd4 Nc6 5. Nc3 a6 6. Nxc6 bxc6 7. Bd3 d5 8. O-O Nf6 9. Re1 Be7 10. e5 Nd7 11. Qg4 Kf8 12. Na4 Bb7 13.
c4 h5 14. Qe2 d4 15. b3 c5 16. Be4 Qc7 17. Bxb7 Qxb7 18. Qe4 Qxe4 19. Rxe4 a5 20. Nb2 g6 21. Nd3 Kg7 22. Bd2 Rhb8 23. Rb1 Nb6 24. Rc1 Nd7 25. Rb1 a4 26. b4 a3 27. Ree1 cxb4 28. Bxb4 Bxb4 29. Rxb4 Rxb4 30. Nxb4 Rc8 31. Nc2 Rxc4 32. Nxa3 Ra4 33. Nb5 Rb4 34. a4 Nxe5 35. f4 Nd3 36. Rd1 Nxf4 37. g3 Ne2+ 38. Kf1 Nc3 39. Nxc3 dxc3 40. Rc1 Rxa4 41. Rxc3 Ra2 42. Kg1 g5 43. Rc5 f5 44. Rb5 Kf6 45. Rc5 h4 46. gxh4 gxh4 47. Rc8 e5 0-1

[Event "25th European Club Cup Women 2021"]
[Site "Struga"]
[Date "2021.09.23"]
[Round "6.12"]
[White "Trajkovska, Sanja"]
[Black "Skripchenko, Almira"]
[Result "0-1"]
[ECO "B06"]
[WhiteElo "1968"]
[BlackElo "2396"]
[Annotator "NA"]
[PlyCount "78"]
[EventDate "2021.09.18"]
[EventType "team-tourn"]
[EventCountry "MKD"]
[SourceTitle "playchess.com"]
[Source "ChessBase"]
[SourceQuality "1"]
[TimeControl "40/5400+30:1800+30"]

1. e4 g6 2. d4 Bg7 3. Be3 d6 4. Nc3 a6 5. Nf3 Nd7 6. Qd2 e6 7. h4 h6 8. g4 b5 9. O-O-O b4 10. Na4 Ngf6 11. e5 Nxg4 12. exd6 cxd6 13. Qxb4 d5 14. Bd3 Qc7 15. Rhg1 Rb8 16. Qd2 Nxe3 17. fxe3 e5 18. dxe5 Nxe5 19. Nxe5 Qxe5 20. c3 O-O 21. Nc5 a5 22. Qf2 Rb6 23. Qf4 Qe7 24. Nb3 Rf6 25. Qg3 h5 26. Rde1 Bg4 27. Nd4 Rb6 28. Qf2 Rfb8 29. b3 Qc5 30. Kb2 a4 31. Qc2 Qe7 32. b4 a3+ 33. Ka1 Qxh4 34. Qb3 Qf2 35.
Qxa3 Qd2 36. Bb1 Rc8 37. Qb2 Qxc3 38. Qxc3 Rxc3 39. Kb2 Rxe3 0-1

[Event "25th European Club Cup Women 2021"]
[Site "Struga"]
[Date "2021.09.23"]
[Round "6.14"]
[White "Radeva, Viktoria"]
[Black "Urh, Zala"]
[Result "1/2-1/2"]
[ECO "C55"]
[WhiteElo "2350"]
[BlackElo "2234"]
[Annotator "NA"]
[PlyCount "79"]
[EventDate "2021.09.18"]
[EventType "team-tourn"]
[EventCountry "MKD"]
[SourceTitle "playchess.com"]
[Source "ChessBase"]
[SourceQuality "1"]
[TimeControl "40/5400+30:1800+30"]

1. e4 e5 2. Nf3 Nc6 3. Bc4 Nf6 4. d3 h6 5. O-O d6 6. a4 g5 7. c3 Bg7 8. Nbd2 O-O 9. h3 Ne7 10. Re1 Ng6 11. Nf1 d5 12. exd5 Nxd5 13.
d4 exd4 14. Nxd4 c5 15. Nf5 Bxf5 16. Bxd5 Qd7 17. Qb3 Rad8 18. Ne3 b6 19. a5 b5 20.
Nxf5 Qxd5 21. Qxd5 Rxd5 22. Nxg7 Kxg7 23. a6 Ne5 24. b3 Rfd8 25. Be3 f5 26. b4
cxb4 27. Bxa7 bxc3 28. Bb6 Nd3 29. Re7+ Kf6 30. Bxd8 Rxd8 31. Rc7 b4 32. a7 Ra8
33. Kf1 Nf4 34. Rc6+ Ke5 35. Rb6 c2 36. Rxb4 Nd3 37. Rc4 c1=Q+ 38. Raxc1 Nxc1 39. Rxc1 Rxa7 40. Re1+ 1/2-1/2

[Event "25th European Club Cup Women 2021"]
[Site "Struga"]
[Date "2021.09.23"]
[Round "6.15"]
[White "Vidic, Teja"]
[Black "Mehmed, Elif"]
[Result "0-1"]
[ECO "B50"]
[WhiteElo "2172"]
[BlackElo "2260"]
[Annotator "NA"]
[PlyCount "76"]
[EventDate "2021.09.18"]
[EventType "team-tourn"]
[EventCountry "MKD"]
[SourceTitle "playchess.com"]
[Source "ChessBase"]
[SourceQuality "1"]
[TimeControl "40/5400+30:1800+30"]

1. e4 c5 2. Nf3 d6 3. c3 Nf6 4. Be2 Bd7 5. Qc2 Nc6 6. d4 cxd4 7. cxd4 Qb6 8.
Nc3 Rc8 9. d5 Na5 10. Be3 Qc7 11. O-O g6 12. Bd4 Bg7 13. Rac1 Qb8 14. e5 Nh5 15. e6 fxe6 16. dxe6 Bxe6 17. Bb5+ Nc6 18. Rfe1 Bf5 19. Qb3 a6 20. Ng5 Rf8 21. Bxg7 Nxg7 22. Bxc6+ bxc6 23. Qc4 h6 24. Qe2 Qa7 25. Nce4 Bxe4 26. Nxe4 Kf7 27. Qg4 Nf5 28. h4 Kg7 29. h5 g5 30. Rc3 Qd4 31. Qe2 Qe5 32. Qd2 Qf4 33. Qd1 Nh4 34. Qd4+ Kg8 35.
Qd3 d5 36. g3 Nf3+ 37. Kh1 Nxe1 38. Nf6+ Qxf6 0-1

[Event "25th European Club Cup Women 2021"]
[Site "Struga"]
[Date "2021.09.24"]
[Round "7.1"]
[White "Salimova, Nurgyul"]
[Black "Bivol, Alina"]
[Result "1/2-1/2"]
[ECO "E04"]
[WhiteElo "2362"]
[BlackElo "2385"]
[Annotator "NA"]
[PlyCount "75"]
[EventDate "2021.09.18"]
[EventType "team-tourn"]
[EventCountry "MKD"]
[SourceTitle "playchess.com"]
[Source "ChessBase"]
[SourceQuality "1"]
[TimeControl "40/5400+30:1800+30"]

1. d4 d5 2. Nf3 Nf6 3. c4 e6 4. g3 dxc4 5. Bg2 c5 6. O-O Nc6 7. dxc5 Qxd1 8. Rxd1 Bxc5 9. Nbd2 c3 10. bxc3 O-O 11. Nb3 Be7 12. Nfd4 Nxd4 13. cxd4 Nd5 14. Bd2 f5 15. Bxd5 exd5 16. Na5 Re8 17. e3 Bd6 18. Rac1 b6 19. Nc6 Bb7 20. Bb4 Bxc6 21. Bxd6 Rec8 22. f3 Bb5 23. Kf2 Kf7 24. h4 h5 25. Be5 Rc4 26. Rxc4 Bxc4 27. Rd2 Rc8 28. Rc2 Ba6 29. Rxc8 Bxc8 30. Bb8 a6 31. Bc7 b5 32. Ba5 Ke7 33. Ke2 g6 34. Kd2 Kd7 35. Kc3 Bb7 36. Kb4 Kc6 37. Bd8 Bc8 38. Kc3 1/2-1/2

[Event "25th European Club Cup Women 2021"]
[Site "Struga"]
[Date "2021.09.24"]
[Round "7.2"]
[White "Heinemann, Josefine"]
[Black "Mehmed, Elif"]
[Result "1-0"]
[ECO "B80"]
[WhiteElo "2292"]
[BlackElo "2260"]
[Annotator "NA"]
[PlyCount "107"]
[EventDate "2021.09.18"]
[EventType "team-tourn"]
[EventCountry "MKD"]
[SourceTitle "playchess.com"]
[Source "ChessBase"]
[SourceQuality "1"]
[TimeControl "40/5400+30:1800+30"]

1. e4 c5 2. Nf3 d6 3. d4 cxd4 4. Nxd4 Nf6 5. Nc3 a6 6. f3 e6 7. Be3 b5 8. Qd2
Nbd7 9. O-O-O Nb6 10. a3 Bb7 11. g4 Nfd7 12. Qf2 Rc8 13. Na2 Be7 14. h4 Nc4 15.
Bxc4 Rxc4 16. g5 O-O 17. Rhg1 Qa5 18. h5 Rfc8 19. Kb1 Bf8 20. g6 e5 21. gxf7+
Kxf7 22. Nf5 Rxc2 23. Qh4 Nf6 24. h6 Qa4 25.
Bc1 g5 26. Qxg5 d5 27. Ne3 Re2 28. exd5 Qb3 29. Qxe5 Re8 30. Qc7+ Re7 31. Qb6 Nxd5 32. Nxd5 Bxd5 33. Nc3 Bc4 34. Rd4 Qc2+ 35. Ka1 Bd3 36. Rf4+ Bf5 37. Rxf5+ Qxf5 38. Nxe2 Rxe2 39. Qxa6 Qc5 40. Rd1 Re7 41. Qa5 Qc2 42. Qd8 Qb3 43. Qd4 Re6 44. Qf4+ Ke8 45. Qb8+ Kf7 46. Qc7+ Be7 47. Rg1 Qd5 48. Rg7+ Ke8 49. Qc8+ Bd8 50. Rg8+ Ke7 51. Bg5+ Kf7 52. Rg7+ Ke8 53. Qxd8+ Qxd8 54. Rg8+ 1-0

[Event "25th European Club Cup Women 2021"]
[Site "Struga"]
[Date "2021.09.24"]
[Round "7.3"]
[White "Krasteva, Beloslava"]
[Black "Dordzhieva, Dinara"]
[Result "1/2-1/2"]
[ECO "A36"]
[WhiteElo "2217"]
[BlackElo "2303"]
[Annotator "NA"]
[PlyCount "82"]
[EventDate "2021.09.18"]
[EventType "team-tourn"]
[EventCountry "MKD"]
[SourceTitle "playchess.com"]
[Source "ChessBase"]
[SourceQuality "1"]
[TimeControl "40/5400+30:1800+30"]

1. c4 Nf6 2. Nc3 c5 3. g3 Nc6 4. Bg2 g6 5. d3 Bg7 6. e3 O-O 7. Nge2 d6 8. O-O Bd7 9. b3 a6 10. Bb2 Rb8 11. Qd2 b5 12. Nd5 Nxd5 13.
cxd5 Bxb2 14. Qxb2 Nb4 15. d4 a5 16. dxc5 Nd3 17. Qd2 Nxc5 18.
b4 axb4 19. Qxb4 Ra8 20. Nd4 Ra4 21. Qd2 Qa8 22. Rfb1 Ra3 23.
Qe2 Na4 24. Rb3 Nc5 25. Rbb1 Re8 26. Nxb5 Bxb5 27. Qxb5 Qa4 28. Bf1 Ra8 29. Qxa4 R3xa4 30. Rb2 Kg7 31. Rc2 Rb4 32. Bc4 Nd7 33. Rd1 g5 34. Kg2 Rc8 35. Rdc1 Nc5 36. h3 h6 37. f4 Ra8 38. Kf3 Ra3 39. Rc3 Ra5 40. e4 Rb2 41. Re3 Rh2 1/2-1/2

[Event "25th European Club Cup Women 2021"]
[Site "Struga"]
[Date "2021.09.24"]
[Round "7.4"]
[White "Trippold, Denise"]
[Black "Manova, Ivana"]
[Result "1/2-1/2"]
[ECO "E11"]
[WhiteElo "2046"]
[BlackElo "1779"]
[Annotator "NA"]
[PlyCount "109"]
[EventDate "2021.09.18"]
[EventType "team-tourn"]
[EventCountry "MKD"]
[SourceTitle "playchess.com"]
[Source "ChessBase"]
[SourceQuality "1"]
[TimeControl "40/5400+30:1800+30"]

1. d4 Nf6 2. c4 e6 3. Nf3 Bb4+ 4. Bd2 Qe7 5. g3 Nc6 6. Bg2 Bxd2+ 7. Nbxd2 d6 8. e4 e5 9. d5 Nb8 10. O-O O-O 11. Ne1 Ne8 12. Nd3 f5 13.
f4 fxe4 14. Nxe4 exf4 15. Nxf4 Nd7 16. Ne6 Rxf1+ 17. Qxf1 Ne5 18. Qe2 c6 19. Nf4 Bg4 20. Qf1 c5 21. h3 Bf5 22. Re1 Nf6 23. Ne6 Bxe6 24. dxe6 Rf8 25. Qe2 b6 26. Nxd6 Qxd6 27. Qxe5 Qxe5 28. Rxe5 Re8 29. Bd5 Kf8 30. Kf2 Ke7 31. Ke2 g6 32. Re3 Rd8 33. Rd3 Nh5 34. Ra3 a5 35. Rb3 Rd6 36. Rf3 Nf6 37. Rd3 Nh5 38. Rf3 Nf6 39. Rd3 Nh5 40. Re3 Ng7 41. h4 Nf5 42. Rd3 h5 43.
Kf2 Kf6 44. Kf3 Nd4+ 45. Ke4 Nxe6 46. Rf3+ Ke7 47. Ke5 Nd8 48. Rf4 Nc6+ 49. Ke4 Nd8 50. Rf3 Ne6 51. Ke5 Nd8 52. Rf4 Nc6+ 53. Ke4 Nd8 54. Rf3 Ne6 55. Ke5 1/2-1/2

[Event "25th European Club Cup Women 2021"]
[Site "Struga"]
[Date "2021.09.24"]
[Round "7.5"]
[White "Peycheva, Gergana"]
[Black "Unuk, Laura"]
[Result "0-1"]
[ECO "D43"]
[WhiteElo "2331"]
[BlackElo "2389"]
[Annotator "ChessBase"]
[PlyCount "122"]
[EventDate "2021.09.18"]
[EventType "team-tourn"]
[EventCountry "MKD"]
[SourceTitle "playchess.com"]
[Source "ChessBase"]
[SourceQuality "1"]
[TimeControl "40/5400+30:1800+30"]

1. d4 d5 2. c4 c6 3. Nf3 Nf6 4. Qb3 e6 5. g3 Nbd7 6. Bg2 Bd6 7. O-O O-O 8.
Nc3 Qe7 9. Bg5 h6 10. Bxf6 Nxf6 11. Rfe1 dxc4 12. Qxc4 e5 13.
dxe5 Bxe5 14. Nxe5 Qxe5 15. e4 Be6 16. Qe2 Rad8 17. Rad1 b5 18.
a3 a5 19. Qc2 Qc5 20. e5 Ng4 21. Qe2 b4 22. axb4 axb4 23. Na4 Qxe5 24. Rxd8 Rxd8 25. Bxc6 Qh5 26. h4 Qa5 27. Qb5 Qa7 28. Qc5 Qc7 29. Bf3 Qd7 30. Qxb4 h5 31. Nc5 Qa7 32. Qa3 Qb6 33. b4 Bc4 34. Qc3 Bb5 35.
Rd1 Re8 36. Qd4 Ne5 37. Bg2 Qg6 38. Ne4 Be2 39. Re1 Qg4 40.
Qe3 Bb5 41. Qg5 Kf8 42. Qe3 Nd3 43. Ra1 Qd7 44. Ra7 Qf5 45.
Qd4 Kg8 46. Ra5 Ne1 47. Qc5 Re5 48. Ra8+ Kh7 49. Ng5+ Kg6 50. Qd6+ f6 51. Ra7 Nxg2 52. Kxg2 Re1 53. Ra2 Qb1 54. Nf3 Bf1+ 55. Kg1 Bc4+ 56. Kg2 Bxa2 57. Nxe1 Qxe1 58. Qd3+ Kh6 59. b5 Bb1 60. Qb3 Be4+ 61. f3 Qe2+ 0-1

[Event "25th European Club Cup Women 2021"]
[Site "Struga"]
[Date "2021.09.24"]
[Round "7.6"]
[White "Cvitan, Ena"]
[Black "Toncheva, Nadya"]
[Result "0-1"]
[ECO "A35"]
[WhiteElo "2284"]
[BlackElo "2178"]
[Annotator "NA"]
[PlyCount "98"]
[EventDate "2021.09.18"]
[EventType "team-tourn"]
[EventCountry "MKD"]
[SourceTitle "playchess.com"]
[Source "ChessBase"]
[SourceQuality "1"]
[TimeControl "40/5400+30:1800+30"]

1. Nf3 c5 2. c4 Nc6 3. Nc3 g6 4. e3 Nf6 5. d4 cxd4 6. exd4 d5 7. cxd5 Nxd5 8. Qb3 Nxc3 9. Bc4 Nd5 10. Bxd5 e6 11. Bxc6+ bxc6 12. O-O f6 13. Be3 Qd5 14. Nd2 Be7 15. Rfc1 Kf7 16. Qc4 Bd7 17. Nb3 Rhb8 18. Nc5 Bxc5 19. dxc5 Qxc4 20. Rxc4 Rxb2 21. Rd1 Ke7 22. Rcd4 Rb7 23. Ra4 g5 24. h4 h6 25. hxg5 hxg5 26. Ra6 e5 27. f3 Rc8 28. Rd6 Be8 29. Rd3 Bf7 30. Rda3 Rcc7 31. R6a4 Bd5 32. Kf2 Ke6 33. Bd2 Rh7 34. Rb4 Rxb4 35. Bxb4 Bc4 36. Bd2 Kd5 37. Be3 Rb7 38. Kg3 a6 39. Kg4 Ke6 40. Ra4 Bf1 41. Bc1 Rb1 42. Ba3 Rd1 43. Rb4 Rd2 44. Rb1 Rxg2+ 45. Kh3 Rxa2+ 46. Rxf1 Rxa3 47. Rd1 Rxf3+ 48. Kg2 e4 49. Rd6+ Ke5 0-1

[Event "25th European Club Cup Women 2021"]
[Site "Struga"]
[Date "2021.09.24"]
[Round "7.7"]
[White "Djukic, Sandra"]
[Black "Urh, Zala"]
[Result "0-1"]
[ECO "D39"]
[WhiteElo "2127"]
[BlackElo "2234"]
[Annotator "NA"]
[PlyCount "68"]
[EventDate "2021.09.18"]
[EventType "team-tourn"]
[EventCountry "MKD"]
[SourceTitle "playchess.com"]
[Source "ChessBase"]
[SourceQuality "1"]
[TimeControl "40/5400+30:1800+30"]

1. d4 Nf6 2. c4 e6 3. Nf3 d5 4. Nc3 Bb4 5. Bg5 dxc4 6. Qa4+ Nc6 7. e3 Bd7 8. Qc2 b5 9. Be2 Rb8 10. a4 a6 11. O-O h6 12. Bh4 O-O 13.
axb5 axb5 14. Rfd1 Be7 15. e4 Nb4 16. Qb1 Nh5 17. Bg3 Nxg3 18.
hxg3 Qc8 19. Ne5 Rd8 20. b3 cxb3 21. Qxb3 Be8 22. Ra7 Rb7 23. Rxb7 Qxb7 24. d5 exd5 25. exd5 Bd6 26. Ng4 f5 27. Ne3 Bd7 28. Qb1 Rf8 29. Rd4 Na6 30. Nxb5 Qb6 31. Nc4 Qxb5 32. Qd1 Qc5 33. Qa1 Nb4 34. Nxd6 Nc2 0-1

[Event "25th European Club Cup Women 2021"]
[Site "Struga"]
[Date "2021.09.24"]
[Round "7.8"]
[White "Janzelj, Lara"]
[Black "Galunova, Tsveta"]
[Result "0-1"]
[ECO "A27"]
[WhiteElo "2186"]
[BlackElo "2190"]
[Annotator "ChessBase"]
[PlyCount "142"]
[EventDate "2021.09.18"]
[EventType "team-tourn"]
[EventCountry "MKD"]
[SourceTitle "playchess.com"]
[Source "ChessBase"]
[SourceQuality "1"]
[TimeControl "40/5400+30:1800+30"]

1. c4 Nc6 2. g3 e5 3. Nc3 f5 4. Nf3 e4 5. Nh4 d6 6. d3 exd3 7. Qxd3 Ne5 8. Qc2 g6 9. Bg2 Bg7 10. O-O Ne7 11. Rd1 c6 12. b3 Be6 13. Ba3 Qa5 14. Bb2 Rd8 15.
Nf3 Nxf3+ 16. Bxf3 O-O 17. Qd2 Rfe8 18. a3 d5 19. b4 Qc7 20.
Qe3 Bf7 21. cxd5 Nxd5 22. Qc5 Qb6 23. Qxb6 Nxb6 24. Rxd8 Rxd8 25. Rd1 Rxd1+ 26. Nxd1 Bd5 27. Kg2 Bxb2 28.
Nxb2 Kf7 29. Bxd5+ cxd5 30. Nd3 Nc4 31. a4 b6 32. Kf3 Ke6 33.
h4 d4 34. Kf4 h6 35. g4 fxg4 36. Kxg4 Nd2 37. Kf4 Kf6 38. Ne1 g5+ 39. hxg5+ hxg5+ 40. Kg4 Ne4 41. Nd3 Nc3 42. e3 dxe3 43. fxe3 Nxa4 44. e4 Nc3 45. e5+ Kg6 46. Nb2 Nd5 47. Nd3 a6 48. b5 axb5 49. Nc1 Nf4 50.
Na2 Nd3 51. e6 Ne5+ 52. Kg3 Kf6 53. Nc3 Kxe6 54. Nxb5 Kd5 55. Nc7+ Ke4 56. Ne6 g4 57. Nc7 Kf5 58. Nb5 Nc4 59. Nc3 Nd6 60.
Nd5 Ne4+ 61. Kg2 b5 62. Ne3+ Kf4 63. Nc2 Nc3 64. Nb4 g3 65. Nd3+ Ke3 66. Nb4 Ne4 67. Nc6 Kf4 68. Nb4 Nc3 69. Nd3+ Ke4 70. Nb4 Nd5 71. Nc2 Ne3+ 0-1

[Event "25th European Club Cup Women 2021"]
[Site "Struga"]
[Date "2021.09.24"]
[Round "7.9"]
[White "Shuvalova, Polina"]
[Black "Goryachkina, Aleksandra"]
[Result "*"]
[ECO "A84"]
[WhiteElo "2510"]
[BlackElo "2608"]
[Annotator "ChessBase"]
[PlyCount "48"]
[EventDate "2021.09.18"]
[EventType "team-tourn"]
[EventCountry "MKD"]
[SourceTitle "playchess.com"]
[Source "ChessBase"]
[SourceQuality "1"]
[TimeControl "40/5400+30:1800+30"]

1. d4 d5 2. c4 e6 3. Nc3 c6 4. Nf3 f5 5. Bf4 Nf6 6. e3 Be7 7. h3 O-O 8. Bd3 dxc4 9. Bxc4 b5 10. Bb3 b4 11. Na4 Nd5 12. O-O Ba6 13. Re1 Nd7 14. Rc1 Rc8 15. Ne5 Bb5 16. Nxd7 Qxd7 17. Nc5 Bxc5 18. Rxc5 a5 19. a4 bxa3 20. bxa3 a4 21. Bxa4 Ra8 22. Bxb5 cxb5 23. Qb3 Ra5 24. Be5 Rfa8 *

[Event "25th European Club Cup Women 2021"]
[Site "Struga"]
[Date "2021.09.24"]
[Round "7.9"]
[White "Atalik, Ekaterina"]
[Black "Dzagnidze, Nana"]
[Result "1/2-1/2"]
[ECO "A84"]
[WhiteElo "2429"]
[BlackElo "2525"]
[Annotator "ChessBase"]
[PlyCount "164"]
[EventDate "2021.09.18"]
[EventType "team-tourn"]
[EventCountry "MKD"]
[SourceTitle "playchess.com"]
[Source "ChessBase"]
[SourceQuality "1"]
[TimeControl "40/5400+30:1800+30"]

1. d4 d5 2. c4 e6 3. Nc3 c6 4. Nf3 f5 5. Bf4 Nf6 6. e3 Be7 7. h3 O-O 8. Bd3 dxc4 9. Bxc4 b5 10. Bb3 b4 11. Na4 Nd5 12. O-O Ba6 13. Re1 Nd7 14. Rc1 Rc8 15. Ne5 Bb5 16. Nxd7 Qxd7 17. Nc5 Bxc5 18. Rxc5 a5 19. a4 bxa3 20. bxa3 a4 21. Bxa4 Ra8 22. Bxb5 cxb5 23. Qb3 Ra5 24. Be5 Rfa8 25. Rb1 Rxa3 26. Qxb5 Qxb5 27. Rcxb5 Ra1 28. Rxa1 Rxa1+ 29. Kh2 Ra7 30. g4 fxg4 31. hxg4 Kf7 32. Rb2 h6 33. Kg3 Ne7 34. Kf3 Nd5 35. Rb3 Ne7 36. Bd6 Nd5 37. Bb8 Rd7 38. Bg3 Ne7 39. Ke4 Nd5 40. f4 Nf6+ 41. Kf3 h5 42. g5 Ng8 43. Bf2 Ne7 44. e4 Nc6 45.
Rd3 g6 46. Rd2 Ke8 47. Be3 Kf7 48. Rd1 Ke8 49. f5 gxf5 50. exf5 exf5 51. Kf4 Rd5 52. g6 Ne7 53. Kg5 f4+ 54. Kxf4 Nxg6+ 55. Ke4 Ne7 56. Bf4 Ra5 57. Be5 Ra2 58. Rh1 Kd7 59. Rxh5 Re2+ 60. Kd3 Re1 61. Bf4 Rd1+ 62. Ke4 Re1+ 63. Be3 Rd1 64. Rh7 Ke6 65. Rh6+ Kd7 66. Ke5 Re1 67. Rh3 Rd1 68. Rh2 Re1 69. Ke4 Ke6 70. Ra2 Kd7 71. Kd3 Nd5 72. Bd2 Rh1 73. Ke4 Rh5 74. Ra7+ Ke6 75. Ra6+ Kd7 76. Be1 Ke7 77. Bh4+ Rxh4+ 78. Kxd5 Rh5+ 79. Kc4 Kd7 80. d5 Rh1 81. Ra7+ Kd6 82. Ra6+ Kd7 1/2-1/2

[Event "25th European Club Cup Women 2021"]
[Site "Struga"]
[Date "2021.09.24"]
[Round "7.10"]
[White "Dzagnidze, Nana"]
[Black "Atalik, Ekaterina"]
[Result "*"]
[ECO "C67"]
[WhiteElo "2525"]
[BlackElo "2429"]
[Annotator "ChessBase"]
[PlyCount "60"]
[EventDate "2021.09.18"]
[EventType "team-tourn"]
[EventCountry "MKD"]
[SourceTitle "playchess.com"]
[Source "ChessBase"]
[SourceQuality "1"]
[TimeControl "40/5400+30:1800+30"]

1. e4 e5 2. Nf3 Nc6 3. Bb5 Nf6 4. O-O Nxe4 5. d4 Nd6 6.
dxe5 Nxb5 7. a4 d6 8. e6 Bxe6 9. axb5 Ne5 10. Nd4 Be7 11. f4 Nc4 12. Qe2 Nb6 13. b3 O-O 14. Nxe6 fxe6 15. Qxe6+ Kh8 16. Bb2 Bf6 17. Bxf6 Rxf6 18. Qe4 d5 19. Qd4 Qf8 20. Nc3 c6 21. bxc6 bxc6 22. Na4 Nxa4 23. Rxa4 h6 24. Rxa7 Rxa7 25. Qxa7 Rxf4 26. Rxf4 Qxf4 27. Qa8+ Kh7 28. Qxc6 Qe3+ 29. Kf1 Qf4+ 30. Kg1 Qe3+ *

[Event "25th European Club Cup Women 2021"]
[Site "Struga"]
[Date "2021.09.24"]
[Round "7.11"]
[White "Bulmaga, Irina"]
[Black "Paehtz, Elisabeth"]
[Result "1/2-1/2"]
[ECO "C10"]
[WhiteElo "2407"]
[BlackElo "2465"]
[Annotator "ChessBase"]
[PlyCount "83"]
[EventDate "2021.09.18"]
[EventType "team-tourn"]
[EventCountry "MKD"]
[SourceTitle "playchess.com"]
[Source "ChessBase"]
[SourceQuality "1"]
[TimeControl "40/5400+30:1800+30"]

1. e4 e6 2. d4 d5 3. Nc3 Be7 4. Be3 b6 5. exd5 exd5 6. Qf3 Nf6 7. h3 O-O 8. O-O-O Bb7 9. Bd3 Nbd7 10. g4 c5 11. g5 Ne4 12. Bxe4 dxe4 13.
Qg4 cxd4 14. Rxd4 Bc6 15. Nge2 Qc8 16. Nd5 Bc5 17. b4 Bxd5 18. Rxd5 f5 19. Rxf5 Bxe3+ 20. fxe3 Qc4 21. Rd1 Rac8 22. Nd4 Qc3 23. Rxf8+ Nxf8 24. Qxe4 Qa3+ 25. Kd2 Qxb4+ 26. Ke2 Qc4+ 27. Rd3 Qxa2 28. Rb3 Qa6+ 29. Rb5 Rc5 30. Qd3 Qc8 31. Rxc5 bxc5 32. Nf5 Qe6 33. e4 Nd7 34. Ke3 g6 35. Nh6+ Kf8 36. Ng4 Ke7 37. Qc3 Qd6 38. Qg7+ Kd8 39. e5 Qd4+ 40. Ke2 Qe4+ 41. Kd2 Qf4+ 42. Ke2 1/2-1/2